 Dungeon Crawl Stone Soup version 0.28.0-53-g5a82cb258f (webtiles) character file.

Game seed: 17857779065686024274

111 DemonSlayer the Firebug (level 4, -3/27 (30) HPs)
             Began as a Demonspawn Fire Elementalist on Aug 9, 2022.
             Slain by a necrophage (4 damage)
             ... on level 6 of the Dungeon.
             The game lasted 00:05:54 (2570 turns).

DemonSlayer the Firebug (DsFE)                      Turns: 2570, Time: 00:05:55

HP:   -3/27 (30)    AC:  2    Str:  8    XL:     4   Next: 62%
MP:   1/8           EV: 12    Int: 19    God:
Gold: 91            SH:  5    Dex: 19    Spells: 2/8 levels left

rFire   + . .      SeeInvis .   c - staff of fire
rCold   . . .      Faith    .   (no shield)
rNeg    . . .      Spirit   .   a - +0 robe
rPois   .          Reflect  +   (no helmet)
rElec   .          Harm     .   (no cloak)
rCorr   .          Rampage  .   (no gloves)
Will    .....                   (no boots)
Stlth   ++........              b - amulet of reflection
HPRegen 0.09/turn               k - +6 ring of dexterity
MPRegen 0.11/turn               (no ring)

@: mighty, heavily drained
A: powered by death 2
a: no special abilities


You were on level 6 of the Dungeon.
You visited 1 branch of the dungeon, and saw 5 of its levels.

You collected 91 gold pieces.

Inventory:

Armour
 a - a +0 robe (worn)
Magical Staves
 c - a staff of fire (weapon)
Jewellery
 b - an amulet of reflection (around neck)
 k - a +6 ring of dexterity (left hand)
Potions
 f - a potion of brilliance


   Skills:
 + Level 0.1 Staves
 + Level 2.0 Dodging
 + Level 2.0 Stealth
 + Level 2.7 Spellcasting
 + Level 2.3 Conjurations
 + Level 3.7 Fire Magic


You had 2 spell levels left.
You knew the following spells:

 Your Spells              Type           Power      Damage    Failure   Level
a - Foxfire               Conj/Fire      84%        2x1d8     4%          1
b - Scorch                Fire           50%        2d7       4%          2
c - Conjure Flame         Conj/Fire      21%        6-21      14%         3

Your spell library contained the following spells:

 Spells                   Type           Power      Damage    Failure   Level
 Inner Flame              Hex/Fire       14%        N/A       22%         3
 Flame Wave               Conj/Fire      21%        2d7       41%         4


Dungeon Overview and Level Annotations

Branches:
Dungeon (4/15)
 Temple: D:4-7

Altars:

Shops:
D:3 (

Annotations:
D:4 2 transporters


Innate Abilities, Weirdness & Mutations

You regenerate health from kills.


Message History

You fall into a shaft and drop 2 floors!
The shaft crumbles and collapses.
A necrophage comes into view.
As you read the scroll labelled UNAMNIEBOFAESS, it crumbles to dust.
You hear a loud clanging noise!
It was a scroll of noise.
Something shouts, "Surrender, thou errant tickle-brained mendicant!"
As you read the scroll labelled QOFOTUSKAM, it crumbles to dust.
It is a scroll of amnesia.
Really abort (and waste the scroll)? [Y]es or [N]o only, please.
Really abort (and waste the scroll)?
Okay, then.
You feel better. The necrophage closely misses you.
You block the necrophage's attack.
A white imp comes into view.
The white imp shouts!
The white imp gestures at you. The puff of frost hits you.
You feel a surge of power!
Flames lash the necrophage.
The necrophage is moderately damaged.
The necrophage's fire resistance burns away.
The white imp hits you but does no damage.
The necrophage barely misses you.
You are too depleted to draw on your mana recklessly!
You aren't carrying any scrolls.
You feel very mighty all of a sudden.
The white imp hits you but does no damage.
The necrophage hits you.
You feel drained.
You hit the white imp but do no damage. The white imp gestures at you.
The puff of frost misses you.
The puff of frost hits the necrophage.
The necrophage resists.
The necrophage hits you!
You feel drained. The white imp gestures at you. The puff of frost hits you!
* * * LOW HITPOINT WARNING * * *
You hit the white imp.
The white imp is heavily wounded.
The necrophage hits you.
You die...

## #.. .... ..... ###
......##############.#
......5@n............# #
.....#####.##........#.#
... #.##########.... .
## #..## ..## #.## ..
#.# #.


You could see a necrophage (combustible) and a white imp.

Vanquished Creatures
  A hound (D:4)
  A gnoll (D:4)
  3 adders
  An adder skeleton (D:4)
  2 worms (D:2)
  A dart slug (D:1)
  6 ball pythons
  2 bats (D:1)
  6 endoplasms
  A giant cockroach (D:1)
  3 hobgoblins
  3 kobolds
  2 frilled lizards (D:1)
  3 goblins
35 creatures vanquished.

Vanquished Creatures (others)
  166 foxfires
  16 plants
182 creatures vanquished.

Grand Total: 217 creatures vanquished

Notes
Turn   | Place    | Note
-------+----------+-------------------------------------------
     0 | D:1      | DemonSlayer the Demonspawn Fire Elementalist began the
                  | quest for the Orb.
     0 | D:1      | Reached XP level 1. HP: 13/13 MP: 3/3
   763 | D:1      | Gained mutation: You regenerate a little health from kills.
                  | [demonic ancestry]
   763 | D:1      | Reached XP level 2. HP: 15/19 MP: 0/5
   771 | D:1      | Learned a level 2 spell: Scorch
   867 | D:1      | Found a faded altar of an unknown god.
  1604 | D:2      | Reached skill level 3 in Fire Magic
  1926 | D:2      | Reached XP level 3. HP: 22/24 MP: 1/6
  2163 | D:3      | Noticed a phantom
  2163 | D:3      | Found Ixyidia's Weapon Shoppe.
  2256 | D:4      | Found a transporter.
  2264 | D:4      | Found a transporter.
  2272 | D:4      | Noticed a small abomination
  2352 | D:4      | Noticed a black bear
  2433 | D:4      | Gained mutation: You regenerate health from kills. [demonic
                  | ancestry]
  2433 | D:4      | Reached XP level 4. HP: 30/30 MP: 3/7
  2479 | D:4      | Learned a level 3 spell: Conjure Flame
  2506 | D:4      | Noticed an ogre
  2550 | D:4      | You fall into a shaft and drop 2 floors!
  2550 | D:6      | Noticed a necrophage
  2569 | D:6      | HP: 1/27 [white imp/puff of frost (9)]
  2570 | D:6      | Slain by a necrophage

Illustrated notes

Levels and vault maps discovered:
D:1:      eino_arrival_druids_welcome, layout_basic, basic_ecumenical_altar,
          minmay_tromino_v4_c
D:2:      layout_loops_ring, chequers_mini_garden, nicolae_grassy_gnolls
D:3:      layout_basic, gammafunk_temple_overflow_forgotten, serial_shops, shop,
          shop
D:4:      layout_basic, nemelex_diamond_rough_becter,
          gammafunk_ghost_abyssal_escape, kennysheep_dice
D:6:      layout_cave_pods, tgw_sif, minmay_temple_entry_large_hall

Skill      XL: |  1  2  3  4 |
---------------+-------------+-----
Fire Magic     | 3 |  3.7
Stealth        | 2 |  2.0
Conjurations   | 2 |  2.3
Dodging        | 2 |  2.0
Staves         | |  0.1
Spellcasting   | |  2.7

Action                   |  1- 3 |  4- 6 || total
-------------------------+-------+-------++-------
Melee: Staff             |    27 |     5 ||    32
 Cast: Foxfire           |   113 |     8 ||   121
       Scorch            |       |     1 ||     1
  Use: Scroll            |     3 |     5 ||     8
       Potion            |       |     2 ||     2
Armor: Robe              |    11 |     5 ||    16
Dodge: Dodged            |    26 |    13 ||    39
Block: Other             |    20 |     6 ||    26
